 Dungeon Crawl Stone Soup version 0.28-a0-447-g1f95980246 (webtiles) character file.

Game seed: 14084734205589070016

26 Shayle the Insei (level 3, -1/29 HPs)
             Began as a Djinni Warper on Sept 13, 2021.
             Killed from afar by Natasha (2 damage)
             ... with a magic dart
             ... on level 2 of the Dungeon.
             The game lasted 00:03:41 (1944 turns).

Shayle the Insei (Djinni Warper)                    Turns: 1944, Time: 00:03:41

Health: -1/29      AC:  4    Str: 10    XL:     3   Next: 22%
Gold:   26         EV: 11    Int: 15    God:
                   SH:  0    Dex: 12

rFire   + + .      SeeInvis .     - Unarmed
rCold   x . .      Faith    .   (no shield)
rNeg    . . .      Spirit   .   a - +0 leather armour
rPois   ∞          Reflect  .   (no helmet)
rElec   .          Harm     .   d - +0 cloak
rCorr   .          Rampage  .   (no gloves)
Will    .....                   (boots unavailable)
Stlth   +.........              (no amulet)
HPRegen 0.09/turn               (no ring)
MPRegen 0.00/turn               (no ring)

@: attractive, flying
A: sickness immunity, fire resistance 2, cold vulnerability 1, float, innate
caster, hp casting, extra vitality 1
a: no special abilities


You were on level 2 of the Dungeon.
You visited 1 branch of the dungeon, and saw 2 of its levels.

You collected 26 gold pieces.

Inventory:

Armour
 a - a +0 leather armour (worn)
 d - a +0 cloak (worn)


   Skills:
 + Level 2.4 Fighting
 - Level 0.7 Throwing
 - Level 1.0 Armour
 - Level 2.1 Dodging
 * Level 2.8 Unarmed Combat
 + Level 2.6 Spellcasting


You couldn't memorise any spells.
You knew the following spells:

 Your Spells              Type           Power      Damage    Failure   Level
a - Blink                 Tloc           N/A        N/A       14%         2
b - Lesser Beckoning      Tloc           9%         N/A       28%         3
c - Gell's Gravitas       Tloc           4%         N/A       28%         3
d - Teleport Other        Tloc           9%         N/A       28%         3
e - Manifold Assault      Tloc           9%         N/A       95%         5
f - Magic Dart            Conj           36%        1d4       10%         1
Your spell library was empty.

Dungeon Overview and Level Annotations

Branches:
Dungeon (2/15)

Altars:

Annotations:
D:2 Natasha


Innate Abilities, Weirdness & Mutations

You are immune to sickness and miasma.
You are immune to poison.
Your flesh is very heat resistant. (rF++)
You are vulnerable to cold. (rC-)
You float through the air rather than walking.
You learn spells naturally, not from books.
Your magical power is your life essence.
You have superior vitality. (+4 HP)


Message History

Aim: Natasha (moderately wounded, 100% to hit)
The magic dart hits Natasha.
Natasha is heavily wounded.
Natasha closely misses you.
A goblin comes into view. It is wielding a +1 dagger of draining.
Natasha claws you.
The goblin moves out of view.
Casting: Magic Dart (safe; 10% risk of failure)
Confirm with . or Enter, or press ? or * to list all spells.
Aiming: Magic Dart (safe; 10% risk of failure)
Press: ? - help, Shift-Dir - straight line, f/p - Natasha
Aim: Natasha (moderately wounded, 100% to hit)
The magic dart hits Natasha but does no damage.
Natasha is moderately wounded.
Natasha stares at you and mumbles some strange words.
The magic dart hits you!
* * * LOW HITPOINT WARNING * * *
It was a potion of attraction.
You feel attractive to monsters. Natasha claws you.
* * * LOW HITPOINT WARNING * * *
Natasha mumbles some strange words.
Unknown command.
Blink to where?
Press: ? - help, Dir - move target, p - Natasha
As you read the scroll of blinking, it crumbles to dust.
Natasha is attracted toward you.
You feel yourself speed up.
Natasha wildly gestures.
Natasha shimmers violently.
Natasha is attracted toward you. The white imp is attracted toward you.
The white imp is attracted toward you.
There is a stone staircase leading up here.
You aren't carrying any scrolls.
You aren't carrying any potions.
Unknown command.
Sorry, you're not good enough to have a special ability.
Unknown command.
Natasha stares at you and mumbles some strange words.
The magic dart hits you.
You die...

### #. #.###.# ..# .)# #.#...#
#.# #.#########†#.#.# #.#
#.#.........#.#.# #.#
#.#.#######.#.#.# #.# #.#.#
#.#.#.# #.#.####.#†# #.#.#.####
#.#......h@# #.#.......
#.######5#.# #...#.####
#######§..5.§..#.# #.#.#.###
.....5.#########.# #.#.....#
.............. ... #...#.#.#
######..################.#.#.#.#
##.# #..........#.#.#.# ..
#.##########...#.# #.#
#.##############.#


You could see Natasha and a white imp (summoned).

Vanquished Creatures
  An endoplasm (D:1)
  2 goblins (D:1)
  3 hobgoblins (D:1)
  5 jackals (D:1)
  2 quokkas (D:1)
  2 ball pythons (D:1)
  2 bats
  3 kobolds (D:1)
  2 rats
22 creatures vanquished.

Notes
Turn   | Place    | Note
-------+----------+-------------------------------------------
     0 | D:1      | Shayle the Djinni Warper began the quest for the Orb.
     0 | D:1      | Reached XP level 1. HP: 18/18 MP: 0/0
   324 | D:1      | Reached XP level 2. HP: 23/23 MP: 0/0
   867 | D:1      | Found a faded altar of an unknown god.
  1267 | D:1      | Reached XP level 3. HP: 29/29 MP: 0/0
  1267 | D:1      | Learned a level 1 spell: Magic Dart
  1931 | D:2      | Noticed Natasha
  1939 | D:2      | HP: 1/29 [Natasha (4)]
  1944 | D:2      | Killed from afar by Natasha

Illustrated notes

Levels and vault maps discovered:
D:1:      lemuel_arrival_river_ford, layout_basic,
          dreamdust_ecumenical_altar_grove
D:2:      layout_basic, uniq_natasha

Action                   || total
-------------------------++-------
Melee: Unarmed           ||    91
       Punch             ||     2
Throw: Boomerang         ||     5
 Cast: Magic Dart        ||    15
  Use: Scroll            ||     1
       Potion            ||     1
Armor: Leather armour    ||    29
Dodge: Dodged            ||    48

Table legend: (Time is in decaauts)
 A = Elapsed time spent in this place.
 B = Non-inter-level travel time spent in this place.
 C = Inter-level travel time spent in this place.
 D = Time resting spent in this place.
 E = Time spent auto-exploring this place.
 F = Levels seen in this place.
 G = Mean time per level.
                   A        B        C        D        E       F      G
               +--------+--------+--------+--------+--------+-----+--------+
         Total |   1946 |   1630 |    316 |    546 |    832 |   2 |  973.0 |
       Dungeon |   1946 |   1630 |    316 |    546 |    832 |   2 |  973.0 |
               +--------+--------+--------+--------+--------+-----+--------+

Top non-repeatable levels by time:
     D:1: 1816 daAuts
     D:2: 130 daAuts
